 Dungeon Crawl Stone Soup version 0.21.0-25-ge575cb9 (webtiles) character file.

32 Mgcat the Ruffian (level 3, -2/28 HPs)
             Began as a Draconian Transmuter on Jan 23, 2018.
             Slain by Edmund
             ... wielding a +3 flail of protection
              (3 damage)
             ... on level 4 of the Dungeon.
             The game lasted 00:03:47 (1363 turns).

Mgcat the Ruffian (Draconian Transmuter)            Turns: 1363, Time: 00:03:48

Health: -2/28      AC:  5    Str: 12    XL:     3   Next: 8%
Magic:  6/6        EV: 17    Int: 14    God:
Gold:   40         SH:  0    Dex: 16    Spells: 0/6 levels left

rFire    . . .     SeeInvis .     - Unarmed
rCold    . . .     Gourm    .   (no shield)
rNeg     . . .     Faith    .   (armour unavailable)
rPois    .         Spirit   .   (helmet restricted)
rElec    .         Reflect  .   (no cloak)
rCorr    .         Harm     .   (no gloves)
MR       .....                  (no boots)
Stlth    ++........             (no amulet)
HPRegen  0.09/turn              (no ring)
MPRegen  0.10/turn              (no ring)

@: agile, flying
A: unfitting armour, cold-blooded, AC +5
a: no special abilities


You were on level 4 of the Dungeon.
You were not hungry.

You visited 1 branch of the dungeon, and saw 3 of its levels.

You collected 40 gold pieces.

Inventory:

Missiles
 a - 38 arrows
Scrolls
 e - a scroll of fear {unknown}
 g - a scroll of remove curse {unknown}
 i - a scroll of teleportation {unknown}
 j - a scroll of amnesia {unknown}
Books
 b - a book of Changes

   Spells                             Type                      Level
   a - Beastly Appendage              Transmutation                1
   b - Sticks to Snakes               Transmutation                2
   c - Spider Form                    Transmutation/Poison         3
   d - Ice Form                       Ice/Transmutation            4
   e - Blade Hands                    Transmutation                5
Comestibles
 c - 2 rations
 f - a chunk of flesh


   Skills:
 - Level 1.1 Fighting
 - Level 1.8 Dodging
 - Level 4.1 Unarmed Combat
 + Level 2.0 Spellcasting
 + Level 2.0 Transmutations
 + Level 0.0 Poison Magic


You couldn't memorise any spells.
You knew the following spells:

 Your Spells              Type           Power        Failure   Level  Hunger
a - Beastly Appendage     Tmut           #.....       11%         1    ##.....
b - Sticks to Snakes      Tmut           #.......     16%         2    ###....
c - Spider Form           Tmut/Pois      #.........   43%         3    ####...


Dungeon Overview and Level Annotations

Branches:
Dungeon (2/15)

Altars:

Annotations:
D:4 Edmund


Innate Abilities, Weirdness & Mutations

Your plain brown scales are hard. (AC +5)
You cannot fit into any form of body armour.
You are cold-blooded and may be slowed by cold attacks.


Message History

You fly up into the air.
Edmund hits you with a flail of protection.
* * * LOW HITPOINT WARNING * * *
It was a potion of agility.
You feel agile all of a sudden.
Edmund grinds his teeth, and then sighs.
Edmund barely misses you.
You closely miss Edmund. Your headbutt misses Edmund.
Edmund is lightly wounded.
Your horns disappear.
Edmund barely misses you.
You barely miss Edmund.
Edmund is lightly wounded.
You hit Edmund but do no damage.
Edmund is lightly wounded.
Edmund closely misses you.
You barely miss Edmund.
Edmund is lightly wounded.
Edmund hits you with a flail of protection.
You die...

#########
#.......#
#.......#
#.......#####..
#.............!
#....@.........
#....@..######.
#.......#
####.#### #.#
#.#
##.#########.##
#......@.......
##..####..##.##


You could see Edmund.

Vanquished Creatures
  4 dart slugs (D:1)
  A leopard gecko (D:1)
  2 giant cockroaches (D:1)
  3 goblins (D:1)
  3 hobgoblins (D:1)
  A ball python (D:1)
  2 bats (D:1)
  A frilled lizard (D:1)
  3 kobolds
  2 rats (D:1)
22 creatures vanquished.

Notes
Turn   | Place    | Note
-------+----------+-------------------------------------------
     0 | D:1      | Mgcat the Draconian Transmuter began the quest for the Orb.
     0 | D:1      | Reached XP level 1. HP: 16/16 MP: 3/3
   367 | D:1      | Reached XP level 2. HP: 21/23 MP: 5/5
   839 | D:1      | Reached skill level 4 in Unarmed Combat
   864 | D:1      | Reached XP level 3. HP: 18/28 MP: 6/6
   985 | D:1      | Learned a level 2 spell: Sticks to Snakes
   989 | D:1      | Learned a level 3 spell: Spider Form
  1325 | D:2      | You fall through a shaft for 2 floors!
  1335 | D:4      | Noticed Edmund
  1358 | D:4      | HP: 1/28 [Edmund/flail of protection (1)]
  1363 | D:4      | Slain by Edmund

Skill      XL: |  1  2 |
---------------+-------+-----
Unarmed Combat | 4 |  4.1
Fighting       | |  1.1
Dodging        | |  1.8
Spellcasting   | |  2.0
Transmutations | |  2.0

Action                   || total
-------------------------++-------
Melee: Unarmed           ||    82
       Tailslap          ||    10
 Cast: Beastly Appendage ||     1
  Use: Potion            ||     2
 Stab: Sleeping          ||     1
  Eat: Chunk             ||     1
Armor: Skin              ||    15
Dodge: Dodged            ||    36
